 Dungeon Crawl Stone Soup version 0.24-a0-27-gca774cb5d5 (webtiles) character file.

Game seed: 1156829290818837904

69 Flugslaktarn the Chopper (level 4, -11/40 HPs)
             Began as a Deep Dwarf Fighter on Feb 1, 2019.
             Mangled by Menkaure (19 damage)
             ... on level 4 of the Dungeon.
             The game lasted 00:01:02 (715 turns).

Flugslaktarn the Chopper (Deep Dwarf Fighter)        Turns: 715, Time: 00:01:03

Health: -11/40     AC:  8    Str: 21    XL:     4   Next: 2%
Magic:  3/3        EV:  7    Int:  8    God:
Gold:   136        SH:  9    Dex: 12    Spells: 3/3 levels left

rFire    . . .     SeeInvis .   l - +0 broad axe
rCold    . . .     Gourm    .   c - +0 shield
rNeg     . . .     Faith    .   b - +0 scale mail
rPois    .         Spirit   .   (no helmet)
rElec    .         Reflect  .   (no cloak)
rCorr    .         Harm     .   (no gloves)
MR       .....                  g - +0 pair of boots
Stlth    ..........             (no amulet)
HPRegen  0.00/turn              (no ring)
MPRegen  0.08/turn              (no ring)

@: non-regenerating
A: damage resistance, heal wounds, sense surroundings 1, no regeneration
a: Heal Wounds


You were on level 4 of the Dungeon.
You were not hungry.

You visited 1 branch of the dungeon, and saw 4 of its levels.

You collected 136 gold pieces.

Inventory:

Hand Weapons
 l - a +0 broad axe (weapon)
Armour
 b - a +0 scale mail (worn)
 c - a +0 shield (worn)
 g - a +0 pair of boots (worn)
Scrolls
 h - a scroll of remove curse {unknown}
 i - 3 scrolls of identify {unknown}
 k - a scroll of teleportation {unknown}
Potions
 a - a potion of curing {unknown}
 d - a potion of might {@q4}
 e - a potion of berserk rage {unknown}
 j - a potion of agility {unknown}
Comestibles
 f - 6 rations {@e1}


   Skills:
 - Level 2.6 Fighting
 + Level 4.8 Axes
 - Level 3.2 Armour
 - Level 3.2 Shields


You had 3 spell levels left.
You didn't know any spells.
Your spell library was empty.

Dungeon Overview and Level Annotations

Branches:
Dungeon (4/15)
 Temple: D:4-7

Altars:
Hepliaklqana
Kikubaaqudgha
Xom
Yredelemnul

Annotations:
D:4 Blork the orc, Menkaure


Innate Abilities, Weirdness & Mutations

You are resistant to damage.
You can heal yourself by infusing magical energy.
You passively map a small area around you.
You do not regenerate.


Message History

Blork the orc flickers and vanishes!
Deactivating autopickup; reactivate with Ctrl-A.
Menkaure barely misses you.
You hit Menkaure.
Menkaure is heavily damaged.
Menkaure calls on the powers of darkness!
Your body is wracked with pain!
Something is bathed in an unholy light!
You barely miss Menkaure.
Menkaure is heavily damaged.
Menkaure hits you!
* * * LOW HITPOINT WARNING * * *
Menkaure calls on the powers of darkness!
Your body is wracked with pain!
* * * LOW HITPOINT WARNING * * *
Something is bathed in an unholy light!
You fail to use your ability.
Menkaure barely misses you.
You barely miss Menkaure.
Menkaure is heavily damaged.
Menkaure hits you!!
You die...

###..)###............#
#...##.........###.###
##...†......#..###.#.#
* #[[........#.......#
* #...............Mo##
##........##.####.†#,*
* #.#.....###{# #[#.#
#.#.....# #M# #M. .#
#.#.#.#.# #@# *#.#.*o#
#.#.#.#.# #.# *.....
.. #.....#.###.#
#.#,#.*## *
*#..#..#.....# ##., ##
* #...#.....#### . ,
...#####...# * * ###.
,#.....# * * * ..
*#.....# * *##.
#.†...###.


You could see Menkaure.

Vanquished Creatures
  An iguana (D:4)
  An adder (D:4)
  3 orcs (D:3)
  6 goblins
  2 hobgoblins (D:3)
  7 jackals (D:4)
  3 bats (D:3)
  2 frilled lizards
  A jackal skeleton (D:4)
  A kobold (D:3)
  3 rats
30 creatures vanquished.

Notes
Turn   | Place    | Note
-------+----------+-------------------------------------------
     0 | D:1      | Flugslaktarn the Deep Dwarf Fighter began the quest for the
                  | Orb.
     0 | D:1      | Reached XP level 1. HP: 20/20 MP: 1/1
   353 | D:3      | Found an ancient bone altar of Kikubaaqudgha.
   353 | D:3      | Found a hazy altar of Hepliaklqana.
   358 | D:3      | Found a faded altar of an unknown god.
   360 | D:3      | Found a shimmering altar of Xom.
   362 | D:3      | Found a basalt altar of Yredelemnul.
   399 | D:3      | Reached skill level 3 in Axes
   399 | D:3      | Reached XP level 2. HP: 25/27 MP: 2/2
   597 | D:4      | Reached skill level 4 in Axes
   597 | D:4      | Reached XP level 3. HP: 26/33 MP: 3/3
   691 | D:4      | Noticed Menkaure
   694 | D:4      | Reached XP level 4. HP: 33/40 MP: 4/4
   694 | D:4      | Noticed Blork the orc
   715 | D:4      | Mangled by Menkaure

Vault maps used:
D:1:      elethiomel_arrival_infinity_welcomes_careful_drivers
D:2:      uniq_sigmund
D:3:      minmay_diamond_boxcup, chequers_temple_overflow_minitemple,
          serial_glass, glass_columns_b, glass_columns_b, glass_columns_c,
          glass_columns_a, glass_columns_a, glass_columns_a,
          chequers_ecumenical_altar_simple_redux
D:4:      black_bear_nest_2, kennysheep_mini, uniq_crazy_yiuf_cottage,
          uniq_blork_the_orc, uniq_menkaure

Skill      XL: |  1  2 |
---------------+-------+-----
Axes           | 3 4 |  4.8
Fighting       | |  2.6
Armour         | |  3.2
Shields        | |  3.2

Action                   |  1- 3 |  4- 6 || total
-------------------------+-------+-------++-------
Melee: War axe           |    66 |       ||    66
       Broad axe         |    10 |     7 ||    17
 Abil: Heal Wounds       |     1 |     1 ||     2
Armor: Scale mail        |    40 |     1 ||    41
Dodge: Dodged            |    21 |     4 ||    25
Block: Shield            |    38 |     4 ||    42

Table legend:
 A = Non-vault XP
 B = Vault XP
 C = Vault XP percentage of total XP
 D = Non-vault monster count
 E = Vault monster count
 F = Vault count percentage of total count
                 A         B        C        D         E       F
            +---------+---------+-------+---------+---------+-------
      Total |      84 |      15 |  15.2 |      23 |       7 |  23.3
            +---------+---------+-------+---------+---------+-------
        D:1 |       6 |       0 |   0.0 |       4 |       0 |   0.0
        D:2 |       2 |       0 |   0.0 |       2 |       0 |   0.0
        D:3 |      12 |      15 |  55.6 |       7 |       7 |  50.0
        D:4 |      64 |       0 |   0.0 |      10 |       0 |   0.0
            +---------+---------+-------+---------+---------+-------
